 Dungeon Crawl Stone Soup version 0.29.1-15-g9cfb28693d (webtiles) character file.

Game seed: 5047192034410620607

26 DemonSlayer the Digger (level 2, -4/19 HPs)
             Began as a Demonspawn Earth Elementalist on Feb 25, 2023.
             Slain by Sigmund
             ... wielding a +1 scythe of distortion
              (13 damage)
             ... on level 2 of the Dungeon.
             The game lasted 00:02:09 (978 turns).

DemonSlayer the Digger (DsEE)                        Turns: 978, Time: 00:02:10

Health: -4/19      AC:  8    Str: 14    XL:     2   Next: 89%
Magic:  1/5        EV: 10    Int: 16    God:
Gold:   25         SH:  0    Dex: 13    Spells: 2/5 levels left

rFire   . . .      SeeInvis .   n - staff of earth
rCold   . . .      Faith    .   (no shield)
rNeg    . . .      Spirit   .   l - +3 ring mail
rPois   .          Reflect  .   (no helmet)
rElec   .          Harm     .   (no cloak)
rCorr   .          Rampage  .   (no gloves)
Will    .....                   (no boots)
Stlth   +.........              (no amulet)
HPRegen 0.06/turn               g - +6 ring of strength
MPRegen 0.09/turn               (no ring)

@: very slightly contaminated
A: foul stench 1
a: no special abilities


You were on level 2 of the Dungeon.
You visited 1 branch of the dungeon, and saw 2 of its levels.

You collected 25 gold pieces.

Inventory:

Armour
 e - a +0 leather armour
 l - a +3 ring mail (worn)
Magical Staves
 n - a staff of earth (weapon)
Jewellery
 g - a +6 ring of strength (left hand)
Scrolls
 d - a scroll of identify {unknown}
 f - 2 scrolls of vulnerability {unknown}
 k - a scroll of magic mapping {unknown}
 m - a scroll of fog {unknown}
Potions
 a - a potion of brilliance {unknown}
 b - a potion of magic
 h - a potion of flight {unknown}
 i - a potion of degeneration {unknown}
 j - a potion of invisibility {unknown}


   Skills:
 + Level 0.1 Fighting
 + Level 0.2 Short Blades
 + Level 0.3 Armour
 + Level 1.8 Dodging
 + Level 2.1 Stealth
 + Level 2.2 Spellcasting
 + Level 0.8 Transmutations
 + Level 3.2 Earth Magic


You had 2 spell levels left.
You knew the following spells:

 Your Spells              Type           Power      Damage    Failure   Level
a - Sandblast             Erth           36%        2d10      11%         1
b - Passwall              Tmut/Erth      10%        N/A       26%         2

Your spell library contained the following spells:

 Spells                   Type           Power      Damage    Failure   Level
 Stone Arrow              Conj/Erth      20%        3d8       54%         3
 Petrify                  Tmut/Erth      12%        N/A       87%         4


Dungeon Overview and Level Annotations

Branches:
Dungeon (2/15)

Altars:

Annotations:
D:2 Sigmund


Innate Abilities, Weirdness & Mutations

You may rarely emit foul miasma when damaged in melee.


Message History

Done exploring.
Done exploring.
Things that are here:
a +0 dagger; a +0 dagger You see here a +0 dagger.
There is a stone staircase leading down here.
You climb downwards.
Sigmund shouts!
The ball python hisses angrily.
A bat comes into view.
Found a golden potion.
There is a stone staircase leading up here.
You feel a surge of power!
The blast of sand hits the rat.
You kill the rat!
You feel a surge of power!
You miscast Sandblast.
You are very lightly contaminated with residual magic.
Nothing appears to happen.
The kobold shouts!
You hear an angry hiss.
The bat closely misses you.
You feel a surge of power!
The blast of sand misses the bat.
The bat hits you. The ball python misses you. The ball python grabs you.
The ball python constricts you.
The ball python's grasp on you weakens, but your attempt to escape fails.
A bat comes into view.
The bat hits you but does no damage.
An adder comes into view.
A rat comes into view.
The ball python barely misses you. The ball python constricts you.
You feel a surge of power!
The blast of sand misses the ball python.
The blast of sand hits Sigmund.
Sigmund is lightly wounded.
The bat hits you but does no damage. The ball python barely misses you.
The ball python constricts you.
Sigmund whispers, "You'll know eternity soon."
Sigmund barely misses you. The ball python bites you.
The ball python constricts you. The kobold hits you but does no damage.
You escape the ball python's grasp.
The bat barely misses you.
Sigmund hits you from afar with a +1 scythe of distortion!
Space warps horribly around you!
Ouch! That really hurt!
You die...

####### #K@...#
......rbS......
......b..@.....
............r..
...S.........!.
...............
...............
...............


You could see Sigmund, an adder, 2 bats, a ball python, a kobold and 2 rats.

Vanquished Creatures
  3 dart slugs (D:1)
  2 giant cockroaches (D:1)
  3 goblins (D:1)
  3 hobgoblins (D:1)
  A jackal (D:1)
  A kobold (D:2)
  A quokka (D:1)
  A bat (D:1)
  A frilled lizard (D:1)
  2 rats (D:2)
18 creatures vanquished.

Notes
Turn   | Place    | Note
-------+----------+-------------------------------------------
     0 | D:1      | DemonSlayer the Demonspawn Earth Elementalist began the
                  | quest for the Orb.
     0 | D:1      | Reached XP level 1. HP: 13/13 MP: 3/3
   197 | D:1      | Reached skill level 3 in Earth Magic
   199 | D:1      | Gained mutation: You may rarely emit foul miasma when
                  | damaged in melee. [demonic ancestry]
   199 | D:1      | Reached XP level 2. HP: 16/19 MP: 0/5
   637 | D:1      | Learned a level 2 spell: Passwall
   972 | D:2      | Noticed Sigmund
   978 | D:2      | Slain by Sigmund

Illustrated notes

Levels and vault maps discovered:
D:1:      ebering_hopf_link, layout_rooms
D:2:      layout_rooms, st_stairs_8, corexii_corridor_pit, uniq_sigmund

Skill      XL: |  1 |
---------------+----+-----
Stealth        | 2 |  2.1
Earth Magic    | 3 |  3.2
Fighting       | |  0.1
Short Blades   | |  0.2
Armour         | |  0.3
Dodging        | |  1.8
Spellcasting   | |  2.2
Transmutations | |  0.8

Action                   || total
-------------------------++-------
Melee: Short sword       ||    20
       Punch             ||     1
 Cast: Sandblast         ||    30
Armor: Leather armour    ||     4
       Robe              ||     2
       Ring mail         ||     9
Dodge: Dodged            ||    23
